[Event "*** Titled Tuesday Blitz"]
[Site "Chess.com"]
[Date "2020.10.27"]
[Round "8"]
[White "Legendinunknown"]
[Black "vanyakuba"]
[Result "1-0"]
[WhiteElo "2664"]
[BlackElo "2515"]
[TimeControl "180+1"]
[EndTime "11:29:19 PDT"]
[Termination "Legendinunknown won by resignation"]

1. d4 d5 2. c4 e6 3. Nc3 c5 4. cxd5 cxd4 5. Qa4+ Bd7 6. Qxd4 exd5 7. Qxd5 Nc6 8. Nf3 Nf6 9. Qd1 Bc5 10. e3 Qe7 11. Be2 O-O-O 12. O-O g5 13. b4 Bxb4 14. Nb5 Be6 15. Nfd4 Nxd4 16. exd4 a6 17. a3 Ba5 18. Qa4 Bb6 19. Bxg5 Kb8 20. Rfc1 axb5 21.
Bf4+ Rd6 22. Qxb5 Nd5 23. Bg3 Rc8 24. Rab1 Rxc1+ 25. Rxc1 Bc7 26. Bxd6 Qxd6 27. g3 Bd7 28. Qb3 Bc6 29. Bf3 Nb6 30. Bxc6 bxc6 31. a4 Kc8 32. a5 Nd5 33. a6 Bb6 34. Qa4 Kd7 35. a7 Bxa7 36. Qxa7+ Nc7 37. Qc5 Qe6 38. Qh5 Nd5 39.
Qxh7 Nf6 40. Qc2 Ne4 41. Re1 Qd5 1-0

[Event "*** Titled Tuesday Blitz"]
[Site "Chess.com"]
[Date "2020.10.27"]
[Round "8"]
[White "AldokhinIvan"]
[Black "ASVZ"]
[Result "0-1"]
[WhiteElo "2567"]
[BlackElo "2475"]
[TimeControl "180+1"]
[EndTime "11:29:21 PDT"]
[Termination "ASVZ won by checkmate"]

1. d4 e6 2. c4 b6 3. a3 Bb7 4.
Nc3 f5 5. d5 Nf6 6. g3 g6 7.
Bg2 Bg7 8. Nh3 O-O 9. O-O a5 10. Re1 Na6 11. b3 Nc5 12. Bb2 Re8 13. b4 axb4 14. axb4 Rxa1 15. Qxa1 Nb3 16. Qa2 Nd4 17. Rd1 c5 18. bxc5 bxc5 19. dxe6 Bxg2 20. Kxg2 Rxe6 21.
e3 Nc6 22. Nd5 Nb4 23. Nxb4 cxb4 24. c5 Kf8 25. Ng5 Rc6 26. Rd6 Qe7 27. Bxf6 Bxf6 28. Qa8+ Kg7 29. Rxc6 dxc6 30. Qxc6 Bxg5 31. Qb5 Qe4+ 32. f3 Qc2+ 33. Kh3 b3 34. Qb7+ Kh6 35. Qb8 Bf6 36. Qf4+ g5 37. Qd6 Kg6 38. c6 b2 39. c7 b1=Q 40. Qd5 Qf1# 0-1

[Event "*** Titled Tuesday Blitz"]
[Site "Chess.com"]
[Date "2020.10.27"]
[Round "8"]
[White "maxip32"]
[Black "Ajedrez_con_German"]
[Result "1-0"]
[WhiteElo "2428"]
[BlackElo "2541"]
[TimeControl "180+1"]
[EndTime "11:29:22 PDT"]
[Termination "maxip32 won on time"]

1. e4 e5 2. Nf3 Nc6 3. Bc4 Bc5 4. O-O Nf6 5. d3 d6 6. c3 a6 7. a4 O-O 8. Na3 Ba7 9. Nc2 Be6 10. Bxe6 fxe6 11. Be3 Bxe3 12. Nxe3 Qe7 13. Re1 h6 14. Nc4 Qf7 15. Qc2 Nh5 16. Re3 Nf4 17. g3 Qh5 18. Qd1 Rf6 19. gxf4 exf4 20. Re1 g5 21. Kh1 g4 22.
Rg1 Kh8 23. Ne1 f3 24. Rg3 Ne5 25. Qd2 Ng6 26. Nc2 Rg8 27. Rag1 Nf4 28. N4e3 Ng2 29. Nxg2 fxg2+ 30. R1xg2 Rf7 31. Ne3 Rgf8 32. Nxg4 Rh7 33. Qe3 Qh4 34. f3 h5 35. Nf2 Qf6 36. Qg5 Qxf3 37.
Qg8+ 1-0

[Event "*** Titled Tuesday Blitz"]
[Site "Chess.com"]
[Date "2020.10.27"]
[Round "8"]
[White "Kavyev_Ruslan"]
[Black "Rakesh"]
[Result "0-1"]
[WhiteElo "2567"]
[BlackElo "2475"]
[TimeControl "180+1"]
[EndTime "11:29:23 PDT"]
[Termination "Rakesh won by resignation"]

1. e4 c5 2. Nf3 e6 3. c3 Nf6 4.
e5 Nd5 5. d4 cxd4 6. cxd4 d6 7.
exd6 Nc6 8. Nc3 Nxc3 9. bxc3 Bxd6 10. Bd3 Be7 11. O-O O-O 12. Bf4 b6 13. Qe2 Bb7 14. Rfd1 Rc8 15. Rac1 Bf6 16. Qe4 g6 17. Qe2 Na5 18.
Bh6 Re8 19. Ne5 Nc6 20. Ng4 Bg7 21. Bxg7 Kxg7 22. Qd2 Qh4 23. h3 Na5 24. Re1 Nc4 25.
Qe2 h5 26. Ne5 Nxe5 27. Qxe5+ Qf6 28. Qg3 Red8 29. a4 Bc6 30. a5 bxa5 31. Re5 Rd5 32. Rce1 a4 33. c4 Rxd4 34. Bxg6 fxg6 35. Rxe6 Qf5 36. R1e5 h4 37. Qe3 Qf4 38. Re7+ Kf8 39. Qa3 Rd1+ 40. Re1 Rxe1+ 41. Rxe1+ Kg8 42. Qe7 Re8 43. Qb4 Rxe1+ 44. Qxe1 Qe4 45. Qf1 Qxg2+ 46. Qxg2 Bxg2 47. Kxg2 0-1

[Event "*** Titled Tuesday Blitz"]
[Site "Chess.com"]
[Date "2020.10.27"]
[Round "8"]
[White "PlotnikovPavel"]
[Black "MarkoPe"]
[Result "0-1"]
[WhiteElo "2338"]
[BlackElo "2210"]
[TimeControl "180+1"]
[EndTime "11:29:23 PDT"]
[Termination "MarkoPe won on time"]

1. e4 c6 2. d4 d5 3. exd5 cxd5 4.
Bd3 Nc6 5. c3 Nf6 6. Bf4 Bg4 7.
Qb3 Qd7 8. Nd2 e6 9. Ngf3 Bxf3 10. Nxf3 Bd6 11. Bxd6 Qxd6 12. O-O O-O 13. Rae1 Rab8 14.
Ne5 b5 15. a3 Na5 16. Qd1 Nc4 17. Qc2 a5 18. f4 Rfc8 19. f5 exf5 20. Bxf5 Re8 21.
Qe2 Ne4 22. Bxh7+ Kxh7 23. Qh5+ Qh6 24. Qf5+ Kg8 25. Qxf7+ Kh7 26. Qf5+ Kg8 27. Qf7+ Kh8 28. Qxd5 Nxe5 29. dxe5 Ng5 30. Qd3 Ne6 31. Qg3 Rf8 32.
h3 Rxf1+ 33. Rxf1 Rf8 34. Rxf8+ Nxf8 35. Qf2 Ne6 36. Qb6 Qc1+ 37. Kh2 Qf4+ 38. Kh1 Qxe5 39. Qxa5 Nf4 40. Kh2 Qe2 0-1

[Event "*** Titled Tuesday Blitz"]
[Site "Chess.com"]
[Date "2020.10.27"]
[Round "8"]
[White "AnnaChessLook"]
[Black "TurboSteen"]
[Result "1-0"]
[WhiteElo "2240"]
[BlackElo "2043"]
[TimeControl "180+1"]
[EndTime "11:29:23 PDT"]
[Termination "AnnaChessLook won on time"]

1. d4 Nf6 2. c4 g6 3. Nc3 d5 4.
Nf3 Bg7 5. Bg5 dxc4 6. e4 c5 7. d5 b5 8. e5 b4 9. exf6 exf6 10. Qe2+ Kf8 11. Be3 bxc3 12. Bxc5+ Kg8 13. bxc3 f5 14. Bd4 Bxd4 15. Nxd4 Qxd5 16. Qxc4 Qe5+ 17. Be2 Ba6 18. Qa4 Bxe2 19. Nxe2 Kg7 20. Qd4 Re8 21. Qxe5+ Rxe5 22. f4 Re4 23. Kf2 Nc6 24. Rhd1 Rae8 25. Rd2 Na5 26.
g3 Nc4 27. Rc2 Ne3 28. Rb2 Ng4+ 29. Kf3 Nxh2+ 30. Kf2 Ng4+ 31. Kf1 Ne3+ 32. Kf2 Ng4+ 33. Ke1 Re3 34. c4 Nh2 35. c5 Rc3 36. Kf2 Rxc5 37. Nd4 Rd5 38. Nb3 Ng4+ 39. Kg1 Re3 40. Kg2 1-0

[Event "*** Titled Tuesday Blitz"]
[Site "Chess.com"]
[Date "2020.10.27"]
[Round "8"]
[White "Blitzstream"]
[Black "eljanov"]
[Result "0-1"]
[WhiteElo "2717"]
[BlackElo "2871"]
[TimeControl "180+1"]
[EndTime "11:29:24 PDT"]
[Termination "eljanov won by resignation"]

1. d4 Nf6 2. Bg5 d5 3. Nd2 e6 4. e3 c5 5. c3 Nc6 6. f4 h6 7. Bh4 cxd4 8. cxd4 Be7 9. Ngf3 g5 10. fxg5 Ne4 11. Nxe4 dxe4 12. Nd2 hxg5 13. Bf2 f5 14. Qb3 Qb6 15. Qxb6 axb6 16. Bb5 Bd7 17. Nc4 Ne5 18. Bxd7+ Nxd7 19. Ke2 Kf7 20. h3 Rhc8 21. Nd2 Rc2 22. Rhb1 Bb4 23. Be1 Nf6 24. Kd1 Rac8 25. a3 Bd6 26.
Rc1 Nd5 27. Bf2 Rxc1+ 28. Rxc1 Rxc1+ 29. Kxc1 b5 30. Nb3 f4 31. Kd2 Kf6 32. Ke2 Kf5 33. Nd2 fxe3 34. Bxe3 Nxe3 35. Kxe3 Bf4+ 36. Ke2 Bxd2 37. Kxd2 Kf4 38. Ke2 e3 39. b3 Kg3 40.
Kxe3 Kxg2 41. Ke4 Kxh3 42. d5 exd5+ 0-1

[Event "*** Titled Tuesday Blitz"]
[Site "Chess.com"]
[Date "2020.10.27"]
[Round "8"]
[White "aleksey1203borisovi4"]
[Black "marabu44"]
[Result "1-0"]
[WhiteElo "2504"]
[BlackElo "2269"]
[TimeControl "180+1"]
[EndTime "11:29:24 PDT"]
[Termination "aleksey1203borisovi4 won by resignation"]

1. g3 d5 2. Bg2 Nf6 3. d3 c6 4.
Nc3 Bf5 5. Bg5 Nbd7 6. e4 Bg4 7.
Nge2 dxe4 8. dxe4 e5 9. O-O Be7 10. h3 Be6 11. Be3 Bc5 12. Qc1 Bxe3 13. Qxe3 Qb6 14.
Qxb6 axb6 15. a3 Bc4 16. Rfe1 Nc5 17. f4 Nfd7 18. Kf2 f6 19. Ke3 O-O-O 20. Bf3 Kc7 21.
Bg4 Be6 22. Bxe6 Nxe6 23. f5 Nd4 24. Nxd4 exd4+ 25. Kxd4 Ne5+ 26. Ke3 Nc4+ 27. Kf4 Nxb2 28. e5 Rd4+ 29. Re4 fxe5+ 30. Kxe5 Rxe4+ 31. Nxe4 Re8+ 32. Kf4 Nc4 33. g4 h6 34. h4 Ne5 35. g5 hxg5+ 36. hxg5 Nf7 37. Rh1 Nd6 38. Nxd6 Kxd6 39. Rh7 Rg8 40. g6 b5 41. f6 gxf6 42. Kf5 b6 43.
Kxf6 c5 44. g7 Kd5 45. Rh3 Kc4 46. Kf7 b4 47. Kxg8 1-0

[Event "*** Titled Tuesday Blitz"]
[Site "Chess.com"]
[Date "2020.10.27"]
[Round "8"]
[White "BlackBoarder"]
[Black "svilson23"]
[Result "0-1"]
[WhiteElo "2563"]
[BlackElo "2393"]
[TimeControl "180+1"]
[EndTime "11:29:24 PDT"]
[Termination "svilson23 won on time"]

1. e4 b6 2. d4 Bb7 3. Bd3 e6 4. Nf3 c5 5. c3 d5 6. e5 Ne7 7.
O-O Ng6 8. a3 Be7 9. g3 O-O 10.
h4 f5 11. exf6 Bxf6 12. Bxg6 hxg6 13. Re1 cxd4 14. cxd4 Nc6 15. Nc3 Qd7 16. Bf4 Rae8 17. Qd3 Ne7 18. Ne5 Bxe5 19. Rxe5 Nf5 20. Bg5 Qc8 21.
Rae1 Ba6 22. Qd2 Qc4 23. Ne2 Nd6 24. Nc3 Nf5 25. Be3 Kh7 26. Ne2 Nd6 27. Nf4 Ne4 28.
Qc1 Rf6 29. Qxc4 Bxc4 30. Kh2 Kg8 31. f3 Nd6 32. Bd2 Kf7 33. Kg2 Nf5 34. Bc3 Nxh4+ 35. Kf2 g5 36. Nh3 Nxf3 37. R1e2 Nxe5+ 0-1

[Event "*** Titled Tuesday Blitz"]
[Site "Chess.com"]
[Date "2020.10.27"]
[Round "8"]
[White "TimofeevAr"]
[Black "AndrewMaco"]
[Result "1-0"]
[WhiteElo "2782"]
[BlackElo "2658"]
[TimeControl "180+1"]
[EndTime "11:29:25 PDT"]
[Termination "TimofeevAr won on time"]

1. c4 e5 2. e3 Nf6 3. Nc3 Bb4 4.
Nge2 O-O 5. a3 Bxc3 6. Nxc3 b6 7. Be2 Bb7 8. O-O d6 9. d3 Nbd7 10. b4 a5 11. Bb2 Qe7 12. Qd2 axb4 13. axb4 Rxa1 14. Rxa1 Ra8 15. Qd1 Qd8 16. Bf1 h6 17. h3 Nf8 18. Nb5 Ne6 19. d4 exd4 20. Nxd4 Nxd4 21. Qxd4 c5 22. bxc5 bxc5 23. Qh4 Rxa1 24. Bxa1 Qe7 25. Qf4 Nd7 26. Be2 Ne5 27. f3 Bc6 28.
Kf2 g5 29. Qf5 Bd7 30. Qe4 Bc6 31. Qb1 f6 32. f4 gxf4 33. exf4 Qg7 34. g4 Nd7 35.
Qf5 Qf7 36. Bd3 Qe7 37. Bc3 Qf7 38. h4 Qe7 39. Qg6+ Qg7 40. Qf5 Qf7 41. h5 Qg7 42. Kg3 Qe7 43. Qg6+ Qg7 44. Qxg7+ Kxg7 45. g5 hxg5 46. fxg5 Ne5 47. h6+ Kf7 48. Bxe5 fxe5 49. g6+ Kg8 50. Bf5 1-0

[Event "*** Titled Tuesday Blitz"]
[Site "Chess.com"]
[Date "2020.10.27"]
[Round "8"]
[White "anon569"]
[Black "shriyanasmallya"]
[Result "1-0"]
[WhiteElo "2253"]
[BlackElo "1694"]
[TimeControl "180+1"]
[EndTime "11:29:26 PDT"]
[Termination "anon569 won by checkmate"]

1. e4 e5 2. Nc3 Nc6 3. Bc4 Bc5 4. Qg4 g6 5. Qg3 d6 6. Nge2 Nf6 7. d3 Nb4 8. Bb3 Be6 9. Ba4+ c6 10. Bg5 h6 11.
Qh4 hxg5 12. Qxh8+ Ke7 13. Qxd8+ Rxd8 14. a3 Na6 15.
Rd1 Ng4 16. O-O Rh8 17. h3 Nf6 18. d4 exd4 19. Nxd4 Bxd4 20. Rxd4 Nc5 21. b4 Nxa4 22. Nxa4 b5 23. Nc3 g4 24. hxg4 Bxg4 25. f3 Be6 26. Rfd1 Nh5 27. Rxd6 Ng3 28. Rxc6 Bc4 29. Kf2 Nh1+ 30. Ke3 f5 31. e5 Ng3 32. Rdd6 f4+ 33. Kxf4 Nf5 34. Rc7+ Ke8 35. Rc8+ Ke7 36. Rxh8 Nxd6 37.
exd6+ Kxd6 38. Ne4+ Ke6 39. Nc5+ Kd5 40. Rd8+ Kc6 41.
Ke5 a5 42. Rd6+ Kc7 43. Rd7+ Kc6 44. Rd6+ Kc7 45. bxa5 b4 46. axb4 Bf7 47. a6 Kc8 48. a7 Bd5 49. Rxd5 Kc7 50. a8=Q g5 51. Rd7+ Kb6 52.
Qb8+ Kc6 53. Rd6# 1-0

[Event "*** Titled Tuesday Blitz"]
[Site "Chess.com"]
[Date "2020.10.27"]
[Round "8"]
[White "ENajer77"]
[Black "WuinaterJr"]
[Result "1-0"]
[WhiteElo "2696"]
[BlackElo "2523"]
[TimeControl "180+1"]
[EndTime "11:29:27 PDT"]
[Termination "ENajer77 won by checkmate"]

1. e4 c5 2. Nf3 d6 3. d4 cxd4 4. Nxd4 Nf6 5. f3 e5 6. Nb3 Be6 7. c4 a5 8. Be3 Be7 9. Nc3 a4 10. Nc1 Qa5 11. Qd2 O-O 12. Bd3 Nc6 13. O-O Rac8 14. N1e2 Nb4 15. Nd5 Bxd5 16. cxd5 a3 17. Rab1 Ra8 18. Bc4 b5 19. Bb3 Rfc8 20. Ng3 g6 21. h4 Nd7 22. h5 Nc5 23. bxa3 Qxa3 24. Bg5 Bf8 25. Bh6 Nxb3 26. Rxb3 Qxa2 27. Qxa2 Nxa2 28.
Bxf8 Kxf8 29. Rxb5 Rc2 30. Rf2 Rc1+ 31. Kh2 Nc3 32.
Rb6 Ke7 33. Rb7+ Kf6 34. Rd7 Ra6 35. Rb2 gxh5 36. Rbb7 h4 37. Rxf7+ Kg6 38. Rg7+ Kh6 39. Nf5+ Kh5 40. Rg4 h6 41. Ng7# 1-0

[Event "*** Titled Tuesday Blitz"]
[Site "Chess.com"]
[Date "2020.10.27"]
[Round "8"]
[White "Training_Day"]
[Black "Resignify"]
[Result "1-0"]
[WhiteElo "2393"]
[BlackElo "2188"]
[TimeControl "180+1"]
[EndTime "11:29:28 PDT"]
[Termination "Training_Day won on time"]

1. e4 c5 2. Nf3 Nc6 3. d4 cxd4 4. Nxd4 Nf6 5. Nc3 e5 6. Ndb5 d6 7. Bg5 a6 8. Na3 b5 9. Bxf6 gxf6 10. Nd5 f5 11. c3 Be7 12. exf5 Bxf5 13. Nc2 O-O 14. Nce3 Be6 15. g3 f5 16. Bg2 Kh8 17. O-O Ra7 18. f4 e4 19. a4 bxa4 20. Qxa4 Qd7 21. Rfd1 Bd8 22. Kh1 a5 23. Nc4 Rb7 24. Ra2 Rf7 25. h3 Qc8 26. Kh2 Qa8 27. Nxd6 Rbd7 28. Nxf7+ Bxf7 29.
Ne3 Rxd1 30. Qxd1 Bxa2 31. Nxf5 Be6 32. Bxe4 Bxf5 33. Bxf5 Qb8 34. Be4 Qxb2+ 35. Kh1 Qb6 36. Bf3 Be7 37. Qd5 1-0

[Event "*** Titled Tuesday Blitz"]
[Site "Chess.com"]
[Date "2020.10.27"]
[Round "8"]
[White "Chessalary"]
[Black "Yashasd1995"]
[Result "0-1"]
[WhiteElo "2402"]
[BlackElo "2555"]
[TimeControl "180+1"]
[EndTime "11:29:29 PDT"]
[Termination "Yashasd1995 won on time"]

1. e4 d5 2. exd5 Nf6 3. d4 Bg4 4. Be2 Bxe2 5. Nxe2 Qxd5 6. O-O Nc6 7. Nbc3 Qf5 8. Ng3 Qg6 9. Nb5 O-O-O 10. c3 h5 11. Ne2 e5 12. Qa4 a6 13. Na3 exd4 14. cxd4 Bxa3 15. Qxa3 Rhe8 16. Nf4 Qf5 17. Qc5 Nxd4 18.
Qa7 Qb5 19. a4 Qb6 20. Qxb6 cxb6 21. Be3 Ng4 22. Bxd4 Rxd4 23. Nxh5 g6 24. Ng3 Rd2 25. b4 Red8 26. Rac1+ Kb8 27. a5 b5 28. Ne4 Rb2 29.
h3 Rxb4 30. Ng5 Ne5 31. Rfe1 f6 32. Nh7 Nd3 33. Rcd1 Rbd4 34. Re7 R4d6 35. Rg7 Nf4 36. Re1 Rd1 37. Rxd1 Rxd1+ 38. Kh2 Rd6 39. g3 Nd3 40.
Rxg6 b4 41. Rg4 b3 42. Nxf6 Rxf6 43. Rd4 b2 0-1

[Event "*** Titled Tuesday Blitz"]
[Site "Chess.com"]
[Date "2020.10.27"]
[Round "8"]
[White "Inga83"]
[Black "vinniethepooh"]
[Result "1-0"]
[WhiteElo "2409"]
[BlackElo "2559"]
[TimeControl "180+1"]
[EndTime "11:29:29 PDT"]
[Termination "Inga83 won on time"]

1. d4 Nf6 2. c4 c6 3. Nc3 d5 4. cxd5 cxd5 5. Nf3 Nc6 6. Bf4 Ne4 7. e3 Nxc3 8. bxc3 e6 9. Bd3 Bd6 10. Bg5 f6 11.
Bh4 O-O 12. O-O Ne7 13. c4 b6 14. Rc1 Bb7 15. Qb3 Rc8 16. c5 Bb8 17. Rb1 Bc7 18. Rfc1 Bc6 19. Ba6 Rb8 20. Qc2 b5 21. Qe2 Qd7 22. Ne1 Nf5 23. Bg3 e5 24. Nc2 exd4 25.
exd4 Rfe8 26. Qd3 Nxg3 27. hxg3 Ba5 28. Ne3 Re4 29. g4 g6 30. f3 Re6 31. Rc2 Qe8 32. Nf1 Bd7 33. c6 Bxc6 34. Qa3 Bd8 35. Rbc1 Be7 36. Qa5 Rb6 37. Nd2 Qd7 38. Nb3 Bf8 39.
Nc5 Bxc5 40. Rxc5 Qd6 41. Bc8 Re7 42. Qd2 Rc7 43. Qe3 1-0

[Event "*** Titled Tuesday Blitz"]
[Site "Chess.com"]
[Date "2020.10.27"]
[Round "8"]
[White "Ze-Pequeno"]
[Black "Mikhail_Golubev"]
[Result "0-1"]
[WhiteElo "2324"]
[BlackElo "2520"]
[TimeControl "180+1"]
[EndTime "11:29:29 PDT"]
[Termination "Mikhail_Golubev won on time"]

1. e4 c5 2. Nf3 d6 3. d4 Nf6 4. Nc3 cxd4 5. Nxd4 Nc6 6. Bg5 e6 7. Qd2 a6 8. O-O-O Bd7 9. f4 Be7 10. Nf3 b5 11. Bxf6 gxf6 12. Bd3 Qb6 13. Kb1 O-O-O 14.
f5 Ne5 15. Rhf1 Kb8 16. Ne2 Nc4 17. Bxc4 bxc4 18. fxe6 fxe6 19. Nfd4 Ka7 20. Nf4 d5 21.
exd5 e5 22. d6 Bxd6 23. Nd5 Qxd4 24. Nxf6 Bc6 25. Qh6 Qb6 26. Nxh7 c3 27. b3 Qb4 28. Rf7+ Bb7 29. Qe3+ Bc5 30. Qe1 Rxd1+ 31. Qxd1 Qa3 32.
Qc1 Qxc1+ 33. Kxc1 Rd8 34. a4 Ba3+ 35. Kb1 Rd1+ 36.
Ka2 Bb4 37. Ng5 Rd2 38. Kb1 Rxg2 39. Ne6 Kb6 40. Nd8 Be4 0-1

[Event "*** Titled Tuesday Blitz"]
[Site "Chess.com"]
[Date "2020.10.27"]
[Round "8"]
[White "TheSodabread"]
[Black "tylityli"]
[Result "0-1"]
[WhiteElo "1915"]
[BlackElo "2234"]
[TimeControl "180+1"]
[EndTime "11:29:29 PDT"]
[Termination "tylityli won on time"]

1. d4 Nf6 2. Nc3 d5 3. Bf4 a6 4.
e3 e6 5. g4 Bb4 6. g5 Ne4 7.
Ne2 Nxg5 8. Bg2 Ne4 9. Bxe4 dxe4 10. a3 Bd6 11. Rg1 Bxf4 12. Nxf4 g6 13. h4 Qxh4 14. Qd2 Nc6 15. O-O-O Bd7 16. d5 exd5 17. Rh1 Qg5 18.
Rdg1 Qe5 19. Nfxd5 O-O-O 20. Qe1 Be6 21. Nf4 Bc4 22.
Rh6 Kb8 23. Rgh1 Ne7 24. Rxh7 Rxh7 25. Rxh7 Nf5 26. Qh1 Nd6 27. Rh4 g5 28. Rh5 Qe7 29. Nfe2 f6 30. Nd4 Qe5 31. Qh2 Qa5 32. Qh3 c5 33.
Ne6 Re8 34. Ng7 Re7 35. Rh8+ Ka7 36. Rh7 Qc7 37. Qh6 Nf5 38. Nxf5 Rxh7 39. Qxf6 Rf7 40. Qxg5 Qd7 41. Ng3 Rxf2 0-1

[Event "*** Titled Tuesday Blitz"]
[Site "Chess.com"]
[Date "2020.10.27"]
[Round "8"]
[White "swimmerchess"]
[Black "tlomigtlis"]
[Result "0-1"]
[WhiteElo "2792"]
[BlackElo "2606"]
[TimeControl "180+1"]
[EndTime "11:29:30 PDT"]
[Termination "tlomigtlis won by resignation"]

1. e4 c5 2. Nf3 d6 3. d4 cxd4 4. Nxd4 Nf6 5. Nc3 a6 6. Bg5 Nbd7 7. Bc4 Qb6 8. O-O Qxb2 9. Nd5 Nxd5 10. Rb1 Qc3 11.
Bxd5 e6 12. Bxe6 fxe6 13. Nxe6 Ne5 14. Qd5 Be7 15. Nxg7+ Kf8 16. Bh6 Ng4 17. Ne6+ Ke8 18.
Qh5+ Kd7 19. Qxg4 Kc6 20. Rb3 Qe5 21. Qg7 Bxe6 22. Qxe7 Bxb3 23. Qxe5 dxe5 24. axb3 Rad8 25. g3 Rd6 26. Be3 Re8 27. Kg2 b5 28. Ra1 Kb7 29.
c4 Ra8 30. c5 Rd3 31. b4 Rb3 32. Rd1 Rc8 33. Rd7+ Rc7 34. Rd6 Rc6 35. Rd5 Rxb4 36.
Rxe5 Rc4 37. f4 b4 38. Kf3 b3 39. Re7+ Rc7 40. Re6 Rb4 41. c6+ Rxc6 42. Re7+ Rc7 43. Rxc7+ Kxc7 44. Bc1 b2 45. Bxb2 Rxb2 46. f5 a5 47. f6 Kd6 48. e5+ Ke6 0-1

[Event "*** Titled Tuesday Blitz"]
[Site "Chess.com"]
[Date "2020.10.27"]
[Round "8"]
[White "vugarrasulov"]
[Black "AnishOnYoutube"]
[Result "1-0"]
[WhiteElo "2882"]
[BlackElo "2967"]
[TimeControl "180+1"]
[EndTime "11:29:32 PDT"]
[Termination "vugarrasulov won on time"]

1. d4 Nf6 2. c4 e6 3. Nf3 d5 4. g3 Bb4+ 5. Bd2 a5 6. Qc2 c5 7. dxc5 d4 8. Bg2 Nc6 9. O-O O-O 10. Bg5 h6 11. Bxf6 Qxf6 12. Nbd2 Qe7 13. Ne4 Bxc5 14. Rad1 e5 15. Nh4 Be6 16. b3 Bb4 17. c5 a4 18.
bxa4 Ra5 19. Rb1 Rfa8 20. a3 Bxc5 21. Rb5 Bxa3 22. Rfb1 Bb4 23. Nf3 f5 24. Ned2 e4 25.
Nh4 Rxb5 26. axb5 Ra2 27. Rb2 Rxb2 28. Qxb2 Bc3 29. Qc1 Ne5 30. Nxe4 fxe4 31. Bxe4 b6 32. Qc2 Qb4 33. Bh7+ Kh8 34. Bf5 Bf7 35. Qe4 Qd6 36.
Qa8+ Bg8 37. f4 d3 38. fxe5 Qd4+ 39. Kf1 dxe2+ 40. Kxe2 Qxe5+ 41. Kf3 1-0

[Event "*** Titled Tuesday Blitz"]
[Site "Chess.com"]
[Date "2020.10.27"]
[Round "8"]
[White "GigaQuparadze"]
[Black "mishanick"]
[Result "1-0"]
[WhiteElo "2850"]
[BlackElo "2980"]
[TimeControl "180+1"]
[EndTime "11:29:32 PDT"]
[Termination "GigaQuparadze won by resignation"]

1. e4 c5 2. Ne2 d6 3. g3 Nc6 4. Bg2 e5 5. c3 Bg4 6. h3 Bh5 7. g4 Bg6 8. d4 cxd4 9. cxd4 h5 10. g5 h4 11. d5 Na5 12. Qa4+ Ke7 13. f4 b6 14.
fxe5 dxe5 15. Bd2 Qd7 16. Qa3+ Ke8 17. Qd3 Rc8 18. Bc3 Bd6 19. Nd2 Ne7 20. O-O Nb7 21. Kh1 Nc5 22. Qe3 Qb5 23. b3 Qd3 24. Qxd3 Nxd3 25.
Nc4 Kd7 26. Rad1 Rxc4 27. bxc4 Nc5 28. Bb4 Nxe4 29. a3 Nxg5 30. Nc3 Nf5 31. Rfe1 f6 32. Nb5 a6 33. Nxd6 Nxd6 34. c5 bxc5 35. Bxc5 Rc8 36. Rc1 Nge4 37. Bg1 Ng3+ 38. Kh2 Bc2 39. Bf2 Rc3 40.
Re3 Rxe3 41. Bxe3 Ba4 42. Bb6 Nde4 43. Rc7+ Kd6 44. Rxg7 Kxd5 45. Rg4 f5 46. Rxh4 f4 47. Bc7 Bd1 48. Rh8 Kc6 49. Bxe5 f3 50. Bxg3 fxg2 51. Kxg2 Bb3 52. h4 Bd5 53. Kh2 Nd2 54. h5 Nf1+ 55. Kh3 Be6+ 56. Kh4 Ne3 57. Kg5 Nf5 58. Bf4 Nd4 59.
h6 Nf3+ 60. Kf6 Ba2 61. h7 Bb1 62. Rc8+ 1-0

[Event "*** Titled Tuesday Blitz"]
[Site "Chess.com"]
[Date "2020.10.27"]
[Round "8"]
[White "Semetey"]
[Black "JozefKneht"]
[Result "1/2-1/2"]
[WhiteElo "2549"]
[BlackElo "2421"]
[TimeControl "180+1"]
[EndTime "11:29:32 PDT"]
[Termination "Game drawn by repetition"]

1. e4 e5 2. Nc3 Nf6 3. Bc4 Nxe4 4. Bxf7+ Kxf7 5. Nxe4 d5 6. Ng3 Bd6 7. d4 Re8 8. dxe5 Bxe5 9. N1e2 Kg8 10. O-O c5 11. c3 Nc6 12. Qb3 b6 13. Bf4 Qd6 14. Bxe5 Qxe5 15. Rad1 Be6 16. Rfe1 Bf7 17. Qa4 Rac8 18.
Kf1 Qf6 19. Nf4 d4 20. Nfe2 h5 21. f3 h4 22. Nh1 h3 23. cxd4 hxg2+ 24. Kxg2 Re3 25. Ng1 Rxe1 26. Rxe1 Nxd4 27. Ng3 Rd8 28. Qxa7 Bd5 29. Qe7 Bxf3+ 30. Nxf3 Qxf3+ 31. Kg1 Rf8 32. Qe3 Qd5 33. Rf1 Rxf1+ 34. Nxf1 Qf7 35. b3 Qg6+ 36. Kf2 Qc2+ 37. Qd2 Qf5+ 38. Kg2 Qe4+ 39. Kf2 Qf3+ 40. Ke1 Qe4+ 41. Kf2 Qf3+ 42. Ke1 Qe4+ 43. Kf2 1/2-1/2

[Event "*** Titled Tuesday Blitz"]
[Site "Chess.com"]
[Date "2020.10.27"]
[Round "8"]
[White "Harsha_Bharathakoti"]
[Black "Azerichess"]
[Result "0-1"]
[WhiteElo "2819"]
[BlackElo "2992"]
[TimeControl "180+1"]
[EndTime "11:29:33 PDT"]
[Termination "Azerichess won by resignation"]

1. d4 Nf6 2. c4 g6 3. Nc3 d5 4. cxd5 Nxd5 5. Bd2 Bg7 6. e4 Nxc3 7. Bxc3 O-O 8. Qd2 b6 9. Nf3 Bb7 10. Bd3 Nd7 11. O-O e6 12. b4 Qe7 13. Qb2 Rfd8 14.
Rad1 g5 15. Rfe1 Nf8 16. d5 Bxc3 17. Qxc3 h6 18. Ne5 f6 19. Ng4 Kg7 20. e5 f5 21.
d6 Qf7 22. Ne3 Kg8 23. dxc7 Rd7 24. Nc4 Rxc7 25. Qb2 Qe7 26. Nd6 Ng6 27. Nxb7 Rxb7 28. Bc4 Rc7 29. Qb3 Nf8 30. Rd6 Kf7 31. Qd3 Kg7 32. Bb3 Rac8 33. h4 Rc3 34. Qd4 gxh4 35. Kh2 R8c7 36. Rd1 Kh7 37. Rd3 Rxd3 38. Qxd3 Qg7 39.
Bxe6 Qxe5+ 40. f4 Qxf4+ 41. Kh3 Nxe6 42. Rxe6 Rg7 43. Qf3 Rg3+ 0-1

[Event "*** Titled Tuesday Blitz"]
[Site "Chess.com"]
[Date "2020.10.27"]
[Round "8"]
[White "kreonx"]
[Black "parintele_chess"]
[Result "0-1"]
[WhiteElo "2316"]
[BlackElo "2155"]
[TimeControl "180+1"]
[EndTime "11:29:36 PDT"]
[Termination "parintele_chess won on time"]

1. e4 c5 2. Nc3 Nc6 3. g3 e5 4.
Bg2 d6 5. d3 Nge7 6. Nd5 Nxd5 7. exd5 Ne7 8. f4 exf4 9. Bxf4 Ng6 10. Be3 Be7 11. Nf3 O-O 12. Qd2 Bf6 13. O-O-O Qb6 14.
d4 cxd4 15. Bxd4 Qa6 16. Bxf6 Qxa2 17. Qc3 gxf6 18. Qxf6 Bg4 19. Rde1 Qxd5 20. Ne5 Qd4 21. Nxg4 Qxg4 22. Re4 Qh5 23. Qxd6 Rad8 24. Qb4 Qg5+ 25. Kb1 a5 26. Qa4 Rd2 27. Bf3 Qc5 28. Rc1 b5 29.
Qxa5 Qd5 30. Rg4 Qxf3 31. Qxd2 Qxg4 32. Rd1 b4 33. b3 Qg5 34. Qg2 Qf6 35. Qf3 Qc3 36. Qf2 Ra8 0-1

[Event "*** Titled Tuesday Blitz"]
[Site "Chess.com"]
[Date "2020.10.27"]
[Round "8"]
[White "nochewycandy"]
[Black "MashaFromRussia"]
[Result "1-0"]
[WhiteElo "2556"]
[BlackElo "2376"]
[TimeControl "180+1"]
[EndTime "11:29:37 PDT"]
[Termination "nochewycandy won by resignation"]

1. e4 c5 2. b3 Nc6 3. Bb2 e5 4. Bb5 d6 5. Ne2 Bd7 6. d3 Be7 7. O-O a6 8. Bxc6 Bxc6 9. Nd2 Nf6 10. h3 O-O 11. f4 exf4 12. Nxf4 Qd7 13. Nf3 Rae8 14. Qe1 Bd8 15. Qg3 b5 16. Nh4 Re5 17.
Nf5 Rxf5 18. exf5 d5 19. Be5 d4 20. Rae1 Qxf5 21. Nd5 Qg6 22. Nxf6+ Bxf6 23. Qxg6 hxg6 24.
Bxf6 gxf6 25. Re7 Rc8 26. Rxf6 Bd5 27. Rxa6 c4 28. bxc4 bxc4 29. Rd6 Rc5 30. dxc4 Bxc4 31. Rxd4 Bxa2 32. Rd2 Kg7 33. Re3 Bb1 34. c3 f5 35. g3 Kf6 36. h4 Be4 37. g4 Ke5 38. gxf5 gxf5 39. h5 Kf4 40. Rh3 Kg4 41. Kh2 Ra5 42.
h6 Ra1 43. Rg3+ Kh5 44. Rg1 Ra7 45. Rd6 Rc7 46. Rc1 Rh7 47. Kg3 Rxh6 48. Rxh6+ Kxh6 49. Kf4 Kg6 50. c4 Kf7 51. c5 Ke7 52. c6 Kd8 53. c7+ Kc8 54. Ke5 Bg2 55. Kd6 f4 56.
Rb1 Bb7 57. Rg1 1-0